 Dungeon Crawl Stone Soup version 0.30-a0-711-gf4ac18a38d (webtiles) character file.

Game seed: 3578291694841039720

3215 wormed the Magician (level 9, -8/52 HPs)
             Began as a Deep Elf Fire Elementalist on Jan 23, 2023.
             Was a Follower of Vehumet.
             Shot with an arrow by a centaur (10 damage)
             ... on level 7 of the Dungeon.
             The game lasted 00:09:53 (7464 turns).

wormed the Magician (Deep Elf Fire Elementalist)    Turns: 7464, Time: 00:09:54

Health: -8/52      AC:  6    Str:  5    XL:     9   Next: 65%
Magic:  19/22      EV: 15    Int: 25    God:    Vehumet [*.....]
Gold:   86         SH:  0    Dex: 15    Spells: 17/23 levels left

rFire   . . .      SeeInvis .    g - +0 dagger (venom)
rCold   . . .      Faith    .    (no shield)
rNeg    . . .      Spirit   .    a - +1 robe
rPois   .          Reflect  .    u - +0 helmet
rElec   .          Harm     .    v - +0 cloak
rCorr   +          Rampage  .    (no gloves)
Will    .....                    e - +0 pair of boots
Stlth   ++++                     r - amulet of magic regeneration
HPRegen 0.28/turn                q - ring of resist corrosion
MPRegen 0.58/turn                (no ring)

@: no status effects
A: no striking features
a: Renounce Religion


You were on level 7 of the Dungeon.
You worshipped Vehumet.
Vehumet was aware of your devotion.
You visited 2 branches of the dungeon, and saw 8 of its levels.
You also visited: Ossuary.

You collected 466 gold pieces.
You spent 380 gold pieces at shops.

Inventory:

Hand Weapons
 d - a +1 whip of protection
 g - a +0 dagger of venom (weapon)
Armour
 a - a +1 robe (worn)
 e - a +0 pair of boots (worn)
 u - a +0 helmet (worn)
 v - a +0 cloak (worn)
Jewellery
 q - a ring of resist corrosion (left hand)
 r - an amulet of magic regeneration (around neck)
Wands
 p - a wand of flame (13) (quivered)
Scrolls
 i - 4 scrolls of poison
 n - 2 scrolls of vulnerability
 o - a scroll of fear
 s - a scroll of brand weapon
 y - a scroll of enchant weapon {unknown}
Potions
 b - 3 potions of magic
 c - a potion of might
 f - 6 potions of curing
 h - 6 potions of degeneration
 j - 2 potions of haste
 k - 3 potions of brilliance
 l - 2 potions of flight
 m - a potion of invisibility
 t - 3 potions of mutation
 w - 2 potions of resistance {unknown}
 x - 2 potions of lignification {unknown}


   Skills:
 + Level 4.4 Fighting
 + Level 7.1 Dodging
 + Level 7.7 Stealth
 + Level 7.9 Spellcasting
 + Level 6.0 Conjurations
 + Level 6.9 Fire Magic


You had 17 spell levels left.
You knew the following spells:

 Your Spells              Type           Power      Damage    Failure   Level
a - Foxfire               Conj/Fire      100%       2x1d9     1%          1
b - Scorch                Fire           88%        2d9       1%          2
c - Inner Flame           Hex/Fire       27%        N/A       4%          3

Your spell library contained the following spells:

 Spells                   Type           Power      Damage    Failure   Level
 Magic Dart               Conj           100%       1d8       1%          1
 Flame Wave               Conj/Fire      42%        2d11      4%          4
 Dazzling Flash           Conj/Hex       50%        N/A       5%          3
 Kindle Blastsparks       Fire/Tloc/Air  42%        2d13      7%          3
 Call Canine Familiar     Summ           9%         N/A       19%         3
 Portal Projectile        Hex/Tloc       18%        N/A       19%         3
 Leda's Liquefaction      Hex/Erth       4%         N/A       52%         4
 Agony                    Necr           9%         N/A       86%         5
 Silence                  Hex/Air        4%         N/A       86%         5
 Fire Storm               Conj/Fire      21%        8d5       100%        9


Dungeon Overview and Level Annotations

Branches:
Dungeon (7/15)             Temple (1/1) D:6         Ossuary (visited)

Altars:
Ashenzari
Cheibriados
Dithmenos
Elyvilon
Fedhas
Gozag
Hepliaklqana
Kikubaaqudgha
Makhleb
Nemelex Xobeh
Okawaru
Qazlal
Ru
Sif Muna
Trog
Uskayaw
Vehumet
Wu Jian
Xom
Yredelemnul
Zin

Shops:
D:2 [   D:3 :   D:6 *?([   D:7 :

Annotations:
D:7 4 runed translucent doors


Message History

The bullfrog gives a loud, deep croak!
The foxfire hits the bullfrog.
The bullfrog is severely wounded.
Casting: Foxfire (safe; 1% risk of failure)
Confirm with . or Enter, or press ? or * to list all spells.
Flames lash the bullfrog.
You kill the bullfrog!
Vehumet accepts your kill.
You hear a shout!
Casting: Scorch (safe; 1% risk of failure)
Confirm with . or Enter, or press ? or * to list all spells.
You can't see any susceptible monsters within range! (Use Z to cast anyway.)
A centaur comes into view.
The centaur wields a +0 shortbow of flaming.
It bursts into flame!
The centaur shoots an arrow.
The arrow closely misses you.
A centaur is nearby!
A centaur is nearby!
The centaur shoots an arrow.
The arrow hits you. The arrow burns you.
The centaur shoots an arrow.
The arrow hits you! The arrow burns you.
The centaur shoots an arrow.
The arrow hits you! The arrow burns you.
Casting: Scorch (safe; 1% risk of failure)
Confirm with . or Enter, or press ? or * to list all spells.
Flames lash the centaur.
The centaur is moderately wounded.
The centaur's fire resistance burns away.
The centaur shoots an arrow.
The arrow hits you!
* * * LOW HITPOINT WARNING * * *
The arrow burns you.
* * * LOW HITPOINT WARNING * * *
The centaur shoots an arrow.
The arrow hits you!
* * * LOW HITPOINT WARNING * * *
The arrow burns you.
* * * LOW HITPOINT WARNING * * *
Casting: Scorch (safe; 1% risk of failure)
Confirm with . or Enter, or press ? or * to list all spells.
Flames lash the centaur.
The centaur is burned terribly!
The centaur is almost dead.
The centaur shoots an arrow.
The arrow hits you!
You die...

####........##...# ###
............'...#####<#
............###.......#
............####+#.##..
.#######..................#
......................###..
....................### ###
#....................# #.
#.........@..........## ##.
#.......c#######......# #..
#........# #....#.###.#
#........#######....#..#..#
#................#####...##
######........)..# #...#
#...........# ##.##
##..........# ########
#..........# #.......


You could see a centaur (combustible).

Vanquished Creatures
  6 yaks (D:7)
  A steam dragon (D:6)
  2 water moccasins
  2 black bears
  An orc warrior (D:6)
  A centaur (D:7)
  3 phantoms (D:4)
  3 elf zombies (Ossuary)
  A gnoll sergeant (D:6)
  3 scorpions (D:4)
  3 bullfrogs
  A howler monkey (D:5)
  A centaur zombie (Ossuary)
  5 hounds
  A jelly (D:7)
  An orc priest (D:5)
  3 iguanas
  2 orc wizards
  A scorpion zombie (D:3)
  2 mummies (Ossuary)
  10 adders
  11 gnolls
  2 shadow imps
  2 white imps
  An adder zombie (Ossuary)
  5 worms
  4 dart slugs
  12 orcs
  A bat (D:3)
  7 endoplasms
  2 giant cockroaches
  7 goblins
  8 hobgoblins
  3 ball pythons
  3 frilled lizards
  A giant cockroach zombie (D:3)
  2 goblin zombies (Ossuary)
  7 hobgoblin zombies (Ossuary)
  2 jackal zombies (Ossuary)
  8 kobolds
  11 kobold zombies (Ossuary)
  9 orc zombies (Ossuary)
  7 rats
  A rat zombie (Ossuary)
169 creatures vanquished.

Vanquished Creatures (others)
  166 foxfires
166 creatures vanquished.

Grand Total: 335 creatures vanquished

Notes
Turn   | Place    | Note
-------+----------+-------------------------------------------
     0 | D:1      | wormed the Deep Elf Fire Elementalist began the quest for
                  | the Orb.
     0 | D:1      | Reached XP level 1. HP: 10/10 MP: 6/6
   230 | D:1      | Reached XP level 2. HP: 15/15 MP: 8/8
   253 | D:1      | Learned a level 2 spell: Scorch
  1092 | D:2      | Reached XP level 3. HP: 10/20 MP: 4/9
  1547 | D:2      | Reached XP level 4. HP: 24/24 MP: 5/11
  1773 | D:2      | Reached skill level 1 in Fighting
  2020 | D:2      | Found a faded altar of an unknown god.
  2173 | D:2      | Found Nuskin's Armour Boutique.
  2346 | D:3      | Found Wafyw's Vocational Training.
  2412 | D:3      | Identified the +6 hand axe of Cocytus {speed, rN++ Int+2
                  | Dex-3 Stlth+}
  2814 | D:3      | Reached XP level 5. HP: 22/29 MP: 2/13
  2912 | D:3      | Found a basalt altar of Yredelemnul.
  3122 | D:3      | Learned a level 3 spell: Inner Flame
  3216 | D:4      | Reached XP level 6. HP: 34/34 MP: 8/14
  3731 | D:4      | Reached skill level 5 in Spellcasting
  3731 | D:4      | Reached XP level 7. HP: 37/40 MP: 8/16
  3890 | D:4      | Found an iron altar of Okawaru.
  3891 | D:4      | Found a snail-covered altar of Cheibriados.
  4098 | D:5      | Entered Level 5 of the Dungeon
  4101 | D:5      | Reached skill level 5 in Stealth
  4115 | D:5      | Identified the +1 scale mail of Courage {Will+ rCorr
                  | Stlth+}
  4381 | D:5      | Reached skill level 5 in Fire Magic
  4535 | D:5      | Found a sand-covered staircase.
  4564 | Ossuary  | Entered an ossuary
  4706 | Ossuary  | Reached skill level 5 in Dodging
  4754 | Ossuary  | Reached XP level 8. HP: 45/45 MP: 12/18
  5160 | D:6      | Found Sugoimi's Armour Boutique.
  5283 | D:6      | Found Ihuluoh's General Store.
  5471 | D:6      | Found a staircase to the Ecumenical Temple.
  5659 | Temple   | Entered the Ecumenical Temple
  5794 | Temple   | Became a worshipper of Vehumet
  5864 | D:6      | Found Ofelel's Magic Scroll Emporium.
  6108 | D:6      | Reached skill level 5 in Conjurations
  6252 | D:6      | Found Kydicran's Weapon Boutique.
  6590 | D:7      | Reached XP level 9. HP: 52/52 MP: 14/21
  6926 | D:7      | Found a huge runed translucent gate.
  6926 | D:7      | Found a huge runed translucent gate.
  6926 | D:7      | Found a huge runed translucent gate.
  6926 | D:7      | Noticed a polar bear
  6931 | D:7      | Noticed a polar bear
  6932 | D:7      | Noticed a manticore
  6934 | D:7      | Found Wusif's Book Shop.
  6943 | D:7      | Bought the Catalogue of Accelerants for 380 gold pieces
  6954 | D:7      | Reached * piety under Vehumet
  6954 | D:7      | Offered knowledge of Magic Dart by Vehumet.
  7426 | D:7      | Found a huge runed translucent gate.
  7426 | D:7      | Noticed a polar bear
  7427 | D:7      | Noticed a manticore
  7463 | D:7      | HP: 1/52 [centaur/arrow (2)]
  7464 | D:7      | Shot with an arrow by a centaur

Illustrated notes

Levels and vault maps discovered:
D:1:      elethiomel_arrival_shortcut, layout_loops_ring, minmay_misc_feat_room
D:2:      layout_basic, serial_shops, nicolae_shop_behind_doors,
          shapermc_ecumenical_altar_ellora, grunt_ministairs_15
D:3:      layout_rooms, lemuel_zombie_altar_yredelemnul,
          minmay_misc_feat_pillars, nicolae_shop_vocational
D:4:      layout_rooms, mainiacjoe_overflow_divided_tiny
D:5:      layout_loops_ring, enter_ossuary_5
D:6:      layout_loops_corners, minmay_temple_entry_drinking_statues,
          serial_shops, nicolae_shop_hallway_plus, nicolae_shop_waterfront,
          nicolae_shop_bloodbath_and_beyond, nicolae_stop_n_shop_2
D:7:      lemuel_bear_cage, layout_basic, serial_curves, eino_curves_02,
          eino_curves_01, eino_curves_04, eino_curves_03, serial_shops,
          nicolae_shop_competitors_out_of_business, kennysheep_generic_room_7
Temple:   mainiacjoe_temple_bowtie_tessellation

Skill      XL: |  1  2  3  4  5  6  7  8  9 |
---------------+----------------------------+-----
Stealth        | 3 4 5 6 7 |  7.7
Dodging        | 3 4 5 6 7 |  7.1
Conjurations   | 2 3 4 5 6 |  6.0
Fighting       | 1 2 3 4 |  4.4
Spellcasting   | 4 5 7 |  7.9
Fire Magic     | 4 5 6 |  6.9

Action                     |  1- 3 |  4- 6 |  7- 9 || total
---------------------------+-------+-------+-------++-------
  Melee: Dagger            |     6 |    14 |    23 ||    43
         Punch             |       |       |     2 ||     2
   Cast: Foxfire           |    10 |    13 |    71 ||    94
         Scorch            |    27 |    55 |   113 ||   195
         Inner Flame       |       |       |    16 ||    16
    Use: Scroll            |     7 |     5 |     8 ||    20
   Stab: Sleeping          |       |     1 |     2 ||     3
 Armour: Robe              |     1 |     8 |    26 ||    35
  Dodge: Dodged            |    13 |    24 |    78 ||   115

Table legend: (Time is in decaauts)
 A = Elapsed time spent in this place.
 B = Non-inter-level travel time spent in this place.
 C = Inter-level travel time spent in this place.
 D = Time resting spent in this place.
 E = Time spent auto-exploring this place.
 F = Levels seen in this place.
 G = Mean time per level.
                   A        B        C        D        E       F      G
               +--------+--------+--------+--------+--------+-----+--------+
         Total |   7461 |   7143 |    318 |      0 |   6132 |   9 |  829.0 |
       Dungeon |   6945 |   6667 |    278 |      0 |   5824 |   7 |  992.1 |
        Temple |    163 |    123 |     40 |      0 |    109 |   1 |  163.0 |
       Ossuary |    352 |    352 |      0 |      0 |    199 |   1 |  352.0 |
               +--------+--------+--------+--------+--------+-----+--------+

Top non-repeatable levels by time:
     D:2: 1275 daAuts
     D:6: 1259 daAuts
     D:1: 1069 daAuts
     D:4: 974 daAuts
     D:7: 881 daAuts
     D:3: 776 daAuts
     D:5: 708 daAuts
 Ossuary: 352 daAuts
  Temple: 163 daAuts
